 Dungeon Crawl Stone Soup version 0.28.0-1-gb440e238dd (webtiles) character file.

Game seed: 14327694002559102984

9100 Akaron the Basher (level 11, -1/99 (110) HPs)
             Began as an Ogre Ice Elementalist on Feb 20, 2022.
             Was a Priest of Elyvilon.
             Slain by a spectral black mamba (7 damage)
             ... in a Gauntlet.
             The game lasted 00:38:28 (15666 turns).

Akaron the Basher (Ogre Ice Elementalist)          Turns: 15666, Time: 00:38:31

HP:   -1/99 (110)   AC:  6    Str: 17    XL:     11   Next: 41%
MP:   12/22         EV: 11    Int: 16    God:    Elyvilon [***...]
Gold: 458           SH:  0    Dex: 13    Spells: 14/25 levels left

rFire   . . .      SeeInvis +   o - +0 giant club
rCold   + . .      Faith    +   (shield currently unavailable)
rNeg    . . .      Spirit   .   x - +0 steam dragon scales
rPois   +          Reflect  .   I - +0 hat {SInv}
rElec   .          Harm     .   E - scarf {repulsion}
rCorr   .          Rampage  .   (gloves unavailable)
Will    +....      NoTele   +   (boots unavailable)
Stlth   ++........              M - amulet "Wegugug" {Faith rPois Str+3 SInv}
HPRegen 0.26/turn               k - ring of protection from cold
MPRegen 0.18/turn               q - ring of poison resistance

@: slowed, heavily drained, repel missiles, very slow
A: large, unfitting armour, tough skin 1
a: Renounce Religion, Purification, Heal Other, Heal Self


You were in a Gauntlet.
You worshipped Elyvilon.
Elyvilon was most pleased with you.
You visited 2 branches of the dungeon, and saw 11 of its levels.
You also visited: Ossuary and Gauntlet.

You collected 458 gold pieces.

Inventory:

Hand Weapons
 o - a +0 giant club (weapon)
Missiles
 c - a throwing net
 p - 2 boomerangs of dispersal
 s - 4 silver boomerangs
 C - 37 poisoned darts
 J - 6 boomerangs
Armour
 a - a +0 robe
 i - a +0 cloak of stealth
 j - a +0 kite shield
 x - +0 steam dragon scales (worn)
 E - a scarf of repulsion (worn)
 I - a +0 hat of see invisible (worn)
Jewellery
 k - a ring of protection from cold (left hand)
 q - a ring of poison resistance (right hand)
 G - a +6 ring of intelligence
 H - a ring of wizardry
 M - the amulet "Wegugug" (around neck) {Faith rPois Str+3 SInv}
   (You found it in a Gauntlet)

   [amulet of faith]

   It allows you to gain divine favour quickly.
   Str:       It affects your strength (+3).
   rPois:     It protects you from poison.
   SInv:      It lets you see invisible.
Wands
 t - a wand of flame (6)
 A - a wand of charming (10)
 K - a wand of digging (3)
Scrolls
 d - 7 scrolls of fear
 e - 5 scrolls of magic mapping
 f - 2 scrolls of immolation {unknown}
 h - 4 scrolls of identify
 l - 6 scrolls of teleportation
 m - 6 scrolls of vulnerability
 y - a scroll of enchant weapon {unknown}
 D - a scroll of summoning {unknown}
 F - 3 scrolls of noise {unknown}
 L - a scroll of blinking {unknown}
 N - a scroll of enchant armour {unknown}
Potions
 b - 4 potions of lignification
 g - a potion of invisibility {unknown}
 r - 2 potions of attraction {unknown}
 u - a potion of curing
 v - 3 potions of cancellation
 w - a potion of haste {unknown}
 z - 2 potions of heal wounds {unknown}
 B - 3 potions of mutation {unknown}
Miscellaneous
 n - a piece from Xom's chessboard (15/15)


   Skills:
 + Level 7.7 Fighting
 + Level 0.1 Short Blades
 + Level 8.9 Maces & Flails
 + Level 5.3 Dodging
 - Level 1.4 Stealth
 + Level 0.8 Shields
 + Level 7.8 Spellcasting
 + Level 4.5 Conjurations
 + Level 7.8 Ice Magic
 * Level 3.8 Invocations


You had 14 spell levels left.
You knew the following spells:

 Your Spells              Type           Power      Damage    Failure   Level
a - Freeze                Ice            100%       1d11      1%          1
b - Frozen Ramparts       Ice            62%        1d8       1%          3
c - Ozocubu's Armour      Ice            31%        N/A       1%          3
d - Hailstorm             Conj/Ice       26%        3d7       9%          4

Your spell library contained the following spells:

 Spells                   Type           Power      Damage    Failure   Level
 Animate Skeleton         Necr           12%        N/A       12%         1
 Apportation              Tloc           12%        N/A       12%         1
 Pain                     Necr           24%        1d5       12%         1
 Slow                     Hex            24%        N/A       12%         1
 Summon Small Mammal      Summ           24%        N/A       12%         1
 Confusing Touch          Hex            6%         N/A       34%         3
 Tukima's Dance           Hex            6%         N/A       34%         3
 Vampiric Draining        Necr           6%         2d6       34%         3
 Passage of Golubria      Tloc           6%         N/A       75%         4
 Agony                    Necr           6%         N/A       97%         5
 Excruciating Wounds      Necr           3%         N/A       97%         5
 Yara's Violent Unravell  Hex/Tmut       3%         3d4       97%         5


Dungeon Overview and Level Annotations

Branches:
Dungeon (9/15)             Temple (1/1) D:4         Ossuary (visited)
Gauntlet (1/1)
   Lair: D:8-11         Orc: D:9-12

Altars:
Ashenzari
Cheibriados
Dithmenos
Elyvilon
Fedhas
Gozag
Hepliaklqana
Kikubaaqudgha
Makhleb
Nemelex Xobeh
Okawaru
Qazlal
Ru
Sif Muna
Trog
Uskayaw
Vehumet
Wu Jian
Xom
Yredelemnul
Zin
The Shining One

Shops:
D:8 =

Annotations:
Gauntlet 9 transporters


Innate Abilities, Weirdness & Mutations

You are too large for most types of armour.
You have tough skin. (AC +1)


Message History

The spectral komodo dragon resists.
The wall freezes the spectral komodo dragon.
The spectral komodo dragon bites you!!
* * * LOW HITPOINT WARNING * * *
You feel drained.
* * * LOW HITPOINT WARNING * * *
You are healed.
The spectral five-headed hydra resists.
The wall freezes the spectral five-headed hydra.
The spectral komodo dragon resists.
The wall freezes the spectral komodo dragon.
The spectral komodo dragon bites you!
You feel drained.
The spectral five-headed hydra completely resists.
The wall freezes the spectral five-headed hydra but does no damage.
The spectral five-headed hydra completely misses you.
The spectral five-headed hydra closely misses you.
The spectral five-headed hydra bites you!
* * * LOW HITPOINT WARNING * * *
You feel drained.
* * * LOW HITPOINT WARNING * * *
The spectral five-headed hydra bites you.
* * * LOW HITPOINT WARNING * * *
The spectral five-headed hydra bites you.
* * * LOW HITPOINT WARNING * * *
The spectral komodo dragon resists.
The wall freezes the spectral komodo dragon.
The spectral komodo dragon bites you!
* * * LOW HITPOINT WARNING * * *
You fail to use your ability.
The wall freezes the death scarab but does no damage.
The death scarab enters a dispersal trap!
The spectral five-headed hydra blinks!
The spectral komodo dragon blinks!
The spectral komodo dragon enters a dispersal trap!
The spectral black mamba blinks!
The death scarab blinks!
The spectral black mamba blinks! x2; You blink.
The frozen ramparts melt away as you move.
The death scarab blinks!
The death scarab closely misses you. The spectral black mamba bites you.
* * * LOW HITPOINT WARNING * * *
You feel drained. The spectral black mamba bites you!
You die...

8.#...8....#.©.#....8...#.8.#...8
©.#........#...#........#.©.#....
######.....#.©.#.....###########.
h#...#...#########...#.##.##.###.
..#.h#...#.##....#...#.##.##.###.
..##.#...#Z.##^Z##...##.......b#.
.#..##...#§Z§#.###...##^.^#.##©#.
©....#.8.#©##B##Z#.8.###.##.##.#.
.#..##...###.#ZB@#...##b.......#.
####b#...##.^##Z§#...##h#^.##.##.
..#..#...#"?}©##§#...#####.#####.
©[?..#...#########...#...?©$[tb#.
######...............###########.
.......8.....8.....8.............
8................§§§......8......
§......#≈#########§#....§........
#§#≈#≈####.......####≈#≈#≈#≈#≈#≈#


You could see a spectral komodo dragon, a spectral black mamba, a spectral
five-headed hydra, a spectral four-headed hydra, 2 death scarabs, a hell hound
(wandering) and a fire bat.

Vanquished Creatures
  Gastronok (D:8)
  An entropy weaver (Gauntlet)
  2 two-headed ogres
  A wolf spider (Gauntlet)
  Sigmund (D:5)
  2 jumping spiders (Gauntlet)
  A wyvern (D:9)
  3 steam dragons
  4 vampire mosquitoes (D:9)
  Grum (D:8)
  A water moccasin (D:8)
  An orc warrior (D:8)
  3 black bears
  An ice beast (D:5)
  4 sky beasts
  3 ogres
  4 wolves (D:8)
  A necrophage (D:6)
  5 centaurs
  3 phantoms
  3 kobold brigands
  2 elf zombies (Ossuary)
  4 scorpions
  A wyvern skeleton (D:7)
  A water moccasin skeleton (D:6)
  4 wights (D:6)
  A human zombie (Ossuary)
  2 bullfrog skeletons (D:5)
  4 centaur zombies
  4 jellies
  2 orc priests (D:6)
  4 hounds
  Crazy Yiuf (D:2)
  Jessica (D:2)
  A centaur skeleton (D:3)
  4 iguanas
  Terence (D:2)
  4 orc wizards
  A hound zombie (D:5)
  2 mummies (Ossuary)
  4 gnolls
  6 adders
  A shadow imp (D:8)
  2 white imps (D:6)
  3 adder zombies (Ossuary)
  5 dart slugs
  26 orcs
  3 bats
  An endoplasm (D:2)
  2 giant cockroaches
  9 goblins
  5 hobgoblins
  A jackal (D:2)
  27 kobolds
  4 quokkas
  5 ball pythons
  5 frilled lizards
  11 hobgoblin zombies (Ossuary)
  A jackal zombie (Ossuary)
  11 kobold zombies (Ossuary)
  6 orc zombies (Ossuary)
  3 rats
  A rat zombie (Ossuary)
232 creatures vanquished.

Vanquished Creatures (others)
  2 plants (D:4)
2 creatures vanquished.

Grand Total: 234 creatures vanquished

Notes
Turn   | Place    | Note
-------+----------+-------------------------------------------
     0 | D:1      | Akaron the Ogre Ice Elementalist began the quest for the
                  | Orb.
     0 | D:1      | Reached XP level 1. HP: 16/16 MP: 3/3
   338 | D:1      | Reached XP level 2. HP: 24/24 MP: 3/5
  1249 | D:2      | Reached XP level 3. HP: 31/31 MP: 7/7
  1253 | D:2      | Learned a level 3 spell: Frozen Ramparts
  1257 | D:2      | Learned a level 3 spell: Ozocubu's Armour
  1302 | D:2      | Noticed Terence
  1341 | D:2      | Killed Terence
  1626 | D:2      | Noticed Jessica
  1637 | D:2      | Killed Jessica
  1638 | D:2      | Reached XP level 4. HP: 25/39 MP: 1/8
  1768 | D:2      | Found a runed translucent door.
  1769 | D:2      | Noticed Crazy Yiuf
  1927 | D:2      | Identified the +6 short sword of Sloth {flame, rF+ rN+
                  | Str+4 Dex-5}
  1936 | D:2      | Noticed a floating eye
  1960 | D:2      | Noticed a shining eye
  2021 | D:2      | Noticed an eye of devastation
  2023 | D:2      | Found a faded altar of an unknown god.
  2024 | D:2      | Noticed a shining eye
  2504 | D:2      | Killed Crazy Yiuf
  2505 | D:2      | Reached skill level 1 in Maces & Flails
  2505 | D:2      | Reached XP level 5. HP: 19/46 MP: 2/10
  2994 | D:3      | Noticed a sky beast
  3022 | D:3      | Killed a sky beast
  3023 | D:3      | Reached skill level 1 in Fighting
  3023 | D:3      | Reached XP level 6. HP: 40/55 MP: 0/12
  3199 | D:3      | Reached skill level 2 in Maces & Flails
  3626 | D:4      | Reached skill level 5 in Ice Magic
  3920 | D:4      | Found a staircase to the Ecumenical Temple.
  3953 | Temple   | Entered the Ecumenical Temple
  4252 | Temple   | Became a worshipper of Elyvilon the Healer
  4483 | D:4      | Reached XP level 7. HP: 40/62 MP: 13/13
  4952 | D:4      | Reached skill level 3 in Maces & Flails
  5125 | D:4      | Reached * piety under Elyvilon
  5885 | D:5      | Entered Level 5 of the Dungeon
  6067 | D:5      | Noticed Sigmund
  6145 | D:5      | Killed Sigmund
  6146 | D:5      | Reached XP level 8. HP: 54/75 MP: 6/15
  6256 | D:5      | Reached skill level 4 in Maces & Flails
  6319 | D:5      | Reached ** piety under Elyvilon
  6626 | D:5      | Reached skill level 5 in Spellcasting
  7616 | D:6      | Reached skill level 5 in Maces & Flails
  8085 | D:5      | Reached XP level 9. HP: 81/85 MP: 10/17
  8142 | D:5      | Reached skill level 1 in Conjurations
  8517 | D:6      | Reached skill level 5 in Fighting
  8953 | D:6      | Reached skill level 6 in Maces & Flails
 10228 | D:7      | Learned a level 4 spell: Hailstorm
 10345 | D:7      | Reached *** piety under Elyvilon
 10606 | D:7      | Noticed a two-headed ogre
 10626 | D:7      | Killed a two-headed ogre
 10627 | D:7      | Reached skill level 7 in Maces & Flails
 10627 | D:7      | Reached XP level 10. HP: 42/98 MP: 13/19
 11078 | D:8      | Noticed Gastronok
 11421 | D:8      | Found a sand-covered staircase.
 11429 | Ossuary  | Entered an ossuary
 11858 | D:8      | Noticed Grum
 11890 | D:8      | Killed Grum
 12317 | D:8      | Reached skill level 8 in Maces & Flails
 12474 | D:8      | Noticed a two-headed ogre
 12481 | D:8      | Killed a two-headed ogre
 12482 | D:8      | Reached skill level 1 in Invocations
 12731 | D:8      | Found an ancient bone altar of Kikubaaqudgha.
 12812 | D:8      | Killed Gastronok
 12813 | D:8      | Reached skill level 5 in Dodging
 12813 | D:8      | Reached XP level 11. HP: 24/109 MP: 12/21
 13523 | D:8      | Found Qeymiq's Jewellery Emporium.
 14864 | D:9      | You fall into a shaft and drop 2 floors!
 14864 | D:11     | Found a gate leading to a gauntlet.
 14867 | Gauntlet | Entered a Gauntlet
 14867 | Gauntlet | Found a transporter.
 14868 | Gauntlet | Noticed a death yak
 14868 | Gauntlet | Noticed a death yak
 14869 | Gauntlet | Noticed a death yak
 14870 | Gauntlet | Found a transporter.
 14872 | Gauntlet | Noticed a death yak
 14886 | Gauntlet | Found a transporter.
 14890 | Gauntlet | Found a transporter.
 14900 | Gauntlet | Found a transporter.
 14901 | Gauntlet | Noticed a fire crab
 14917 | Gauntlet | Reached **** piety under Elyvilon
 14919 | Gauntlet | Noticed a death scarab
 14920 | Gauntlet | Found a transporter.
 14926 | Gauntlet | Found a transporter.
 14929 | Gauntlet | Found a transporter.
 14932 | Gauntlet | Noticed a death scarab
 14932 | Gauntlet | Noticed a wolf spider
 14948 | Gauntlet | Noticed a hell hog
 14959 | Gauntlet | Found a transporter.
 14959 | Gauntlet | Found a transporter.
 14960 | Gauntlet | Noticed a green death
 14965 | Gauntlet | Noticed an entropy weaver
 14967 | Gauntlet | Found a transporter.
 15008 | Gauntlet | Found a transporter.
 15289 | Gauntlet | Killed an entropy weaver
 15302 | Gauntlet | HP: 5/110 [wolf spider (6)]
 15303 | Gauntlet | Killed a wolf spider
 15644 | Gauntlet | Identified the amulet "Wegugug" {Faith rPois Str+3 SInv}
 15666 | Gauntlet | Slain by a spectral black mamba

Illustrated notes

Levels and vault maps discovered:
D:1:      dpeg_arrival_concentric_ovals, layout_loops_corners, chequers_garden
D:2:      layout_basic, hellmonk_ecumenical_altar_watching_god, minmay_domino_2,
          uniq_crazy_yiuf_cottage, uniq_jessica, uniq_terence
D:3:      layout_loops_ring, minmay_checkerbox
D:4:      layout_layer_cave, temple_hall, serial_forest,
          infiniplex_forest_straight_4, infiniplex_forest_straight_1,
          infiniplex_forest_zigzag_2, infiniplex_forest_clump_long,
          infiniplex_forest_lined_1, infiniplex_forest_corner_1,
          infiniplex_forest_clump_small, infiniplex_forest_straight_2
D:5:      layout_loops_ring, uniq_sigmund
D:6:      layout_basic, minmay_fractal_squares_diagonal_5
D:7:      layout_gridville
D:8:      layout_basic, mainiacjoe_overflow_24_doors, enter_ossuary_3,
          serial_shops, shop, uniq_gastronok, uniq_grum
D:9:      layout_basic, serial_shops, kennysheep_little_box, serial_glass,
          glass_columns_a, glass_columns_b, glass_columns_c, glass_columns_b,
          glass_columns_b, glass_columns_c
D:11:     layout_irregular_city, erik_lair_dragon, gauntlet_entry_generic,
          uniq_sonja
Temple:   kilobyte_greek_temple
Gauntlet: minmay_gauntlet_mixed_oops_all_seconds [minmay_gauntlet_arena_77_mess,
          nicolae_gauntlet_arena_t_cross, minmay_gauntlet_arena_77_double_cross,
          gammafunk_gauntlet_arena_crates, minmay_gauntlet_arena_77_fan,
          gammafunk_gauntlet_arena_chambers,
          nicolae_gauntlet_exit_dead_adventurers]

Skill      XL: |  1  2  3  4  5  6  7  8  9 10 11 |
---------------+----------------------------------+-----
Ice Magic      | 4 5 6 7 |  7.8
Spellcasting   | 3 4 5 6 7 |  7.8
Dodging        | 2 3 4 5 |  5.3
Maces & Flails | 1 2 3 5 7 8 |  8.9
Fighting       | 1 3 4 6 7 |  7.7
Conjurations   | 3 4 |  4.5
Invocations    | 2 3 |  3.8
Short Blades   | |  0.1
Stealth        | |  1.4
Shields        | |  0.8

Action                   |  1- 3 |  4- 6 |  7- 9 | 10-12 || total
-------------------------+-------+-------+-------+-------++-------
Melee: Unarmed           |     2 |       |       |       ||     2
       Dagger            |    11 |       |       |       ||    11
       Whip              |    19 |   122 |       |       ||   141
       Giant club        |       |    13 |   241 |   247 ||   501
 Cast: Freeze            |    22 |       |     2 |     3 ||    27
       Frozen Ramparts   |     2 |     5 |    22 |    18 ||    47
       Ozocubu's Armour  |     1 |     5 |    17 |    14 ||    37
       Hailstorm         |       |       |       |     1 ||     1
Invok: Heal Self         |       |       |       |    13 ||    13
  Use: Scroll            |       |       |     3 |     4 ||     7
       Potion            |       |       |       |     2 ||     2
 Stab: Sleeping          |       |     7 |    10 |     2 ||    19
       Distracted        |       |       |     2 |       ||     2
Armor: Robe              |    14 |    43 |    46 |       ||   103
       Steam dragon scal |       |       |    97 |   163 ||   260
Dodge: Dodged            |    27 |    58 |   205 |   221 ||   511
       Repelled          |       |       |       |     2 ||     2
Block: Kite shield       |       |    35 |       |       ||    35
